 Dungeon Crawl Stone Soup version 0.17.0-24-gcfadda4 (webtiles) character file.

47 oplop the Insei (level 3, 0/24 HPs)
             Began as an Octopode Transmuter on Nov 17, 2015.
             Slain by an adder (4 damage)
             ... on level 2 of the Dungeon.
             The game lasted 00:02:41 (1210 turns).

oplop the Insei (Octopode Transmuter)               Turns: 1210, Time: 00:02:41

Health: 0/24       AC:  1    Str:  9 (10) XL:     3   Next: 70%
Magic:  6/6        EV: 12    Int: 15      God:
Gold:   114        SH:  0    Dex: 12      Spells: 1 memorised, 6 levels left

rFire  . . .     SeeInvis .       - Unarmed
rCold  . . .     Clarity  .     (no shield)
rNeg   . . .     SustAt   +     (helmet restricted)
rPois  .         Gourm    .     (no amulet)
rElec  .         Spirit   .     k - ring of sustain attributes
rCorr  .         Warding  .     (no ring)
rMut   .         Stasis   .     (no ring)
MR     .....                    (no ring)
Stlth  ++........               (no ring)
                                (no ring)
                                (no ring)
                                (no ring)

@: lethally poisoned (0 -> -7), appendage (expiring), not resistant to hostile
enchantments, unstealthy
A: almost no armour, amphibious, 8 rings, constrict 8, tentacle spike 3,
camouflage 1, gelatinous body 1
a: End Transformation


You were on level 2 of the Dungeon.
You were not hungry.
One of your tentacles had a temporary spike.
You visited 1 branch of the dungeon, and saw 2 of its levels.

You collected 114 gold pieces.

Inventory:

Missiles
 a - 12 arrows
Jewellery
 k - a ring of sustain attributes (left tentacle)
Scrolls
 e - 2 scrolls of identify {unknown}
 g - 2 scrolls of remove curse {unknown}
 i - a scroll of teleportation {unknown}
 l - a scroll of enchant weapon {unknown}
 m - a scroll of blinking
Potions
 h - a potion of resistance {unknown}
 j - a potion of heal wounds {unknown}
 n - a potion of degeneration
 p - a potion of invisibility {unknown}
Books
 b - a book of Changes

   Spells                             Type                      Level
   a - Beastly Appendage              Transmutation                1
   b - Sticks to Snakes               Transmutation                2
   c - Spider Form                    Transmutation/Poison         3
   d - Ice Form                       Ice/Transmutation            4
   e - Blade Hands                    Transmutation                5
Comestibles
 c - a bread ration
 d - 5 fruits
 f - 2 beef jerkies
 o - a meat ration


   Skills:
 + Level 2.0 Fighting
 - Level 2.0 Dodging
 + Level 3.2 Unarmed Combat
 + Level 2.5 Spellcasting
 + Level 2.6 Transmutations


You had 6 spell levels left.
You knew the following spells:

 Your Spells              Type           Power        Failure   Level  Hunger
a - Beastly Appendage     Trmt           #.....       10%         1    #......


Dungeon Overview and Level Annotations

Branches:
Dungeon (2/15)

Altars:
Ru


Innate Abilities, Weirdness & Mutations

You cannot wear most types of armour.
You are amphibious.
You can wear up to eight rings at the same time.
You can use your tentacles to constrict eight enemies at once.
Your skin changes colour to match your surroundings (Stealth).
Your rubbery body absorbs attacks (AC +1).
One of your tentacles bears a large vicious spike.


Message History

You tentacle-slap the adder. Your squeeze misses the adder.
The adder is almost dead.
You constrict the adder.
You feel sick. The adder bites you.
* * * LOW HITPOINT WARNING * * *
Unknown command.
You tentacle-slap the adder.
You kill the adder!
* * * LOW HITPOINT WARNING * * *
You feel sick.
Unknown command.
* * * LOW HITPOINT WARNING * * *
You feel sick.
Your transformation is almost over.
Drink which item? (? for menu, Esc to quit)
It was a potion of degeneration.
There was something very wrong with that liquid.
You feel somewhat weakened.
* * * LOW HITPOINT WARNING * * *
You feel sick. The adder barely misses you. The adder bites you.
You die...

♣....#.####.##+#)#.# ........
♣..#..#...........#.# ........
♣..♣#..#.####.##'#.#.# ........
...♣##..# #.#..#.#.# ........ ...
#...# +.+..#.#.# ......g.
..♣##.#.# #.####.#.# ........ .♣
#..#.# ..........# .........
♣###....#############.#)........S
##..............@.....>..........
...####.#########Sg..............
.........# #................
#######..# #...†.........#######
..# .# #.............# ###
..................# ..#
........####....# #.# ........#
....# ........# ....#


You could see an adder and a goblin.

Vanquished Creatures
  2 adders (D:2)
  2 worms (D:2)
  3 hobgoblins
  3 kobolds
  5 bats
  3 giant newts
  5 goblins
  2 jackals (D:1)
  4 rats
29 creatures vanquished.

Notes
Turn   | Place    | Note
--------------------------------------------------------------
     0 | D:1      | oplop the Octopode Transmuter began the quest for the Orb.
     0 | D:1      | Reached XP level 1. HP: 13/13 MP: 3/3
   474 | D:1      | Reached XP level 2. HP: 18/18 MP: 3/5
   968 | D:2      | Reached XP level 3. HP: 22/24 MP: 6/6
  1026 | D:2      | Found a sacrificial altar of Ru.
  1210 | D:2      | Slain by an adder

Action                   || total
-------------------------++-------
Melee: Unarmed           ||    70
 Cast: Beastly Appendage ||    17
  Use: Scroll            ||     1
       Potion            ||     1
 Stab: Sleeping          ||     5
  Eat: Chunk             ||     1
